cohdb
Replays
Latest Replays
All Replays
Popular Replays
Top Player Replays
Match Explorer
How It Works
Community
CoH3 Stats
Reddit
Sign in to upload your games and track your stats! →
Sign in with Steam
Match 42764559
Unlisted
Match 42764559
Overview
Messages
Build Orders
End
Construct Infanterie Kompanie
Kettenkrad Recon Vehicle
Selects Terror Battlegroup
Selects Machine Gun Camouflage
MG 42 Machine Gun Team
Grenadier Squad
GrW 34 Mortar Team
Construct Panzergrenadier Kompanie
Pak 40 Anti-tank Gun Team
MG 42 Machine Gun Team
Panzergrenadier Squad
Kettenkrad Recon Vehicle
Support Elements
Forward Retreat Point
251 Medium Carrier
StuG III G Assault Gun
Nebelwerfer 42 Rocket Launcher Team
Kettenkrad Recon Vehicle
Pioneer Squad
Panzergrenadier Officer Quarters
Infanterie Officer Quarters
Selects Defend the Fatherland
Flobby
silverticket
qazxsw
活捉新菜鸟
B1t
SkyCurv
hooveric
肘术回战
0
0
Comments
sign in to comment!
No comments posted yet!